 Dungeon Crawl Stone Soup version 0.23.2-1-ga50397a (webtiles) character file.

Game seed: 6290333774818424819

4487 Borgoz the Slasher (level 10, -8/63 HPs)
             Began as a Gargoyle Gladiator on May 14, 2019.
             Was a Follower of Ashenzari.
             Splashed by Harold's acid (15 damage)
             ... on level 8 of the Dungeon.
             The game lasted 00:17:52 (7468 turns).

Borgoz the Slasher (Gargoyle Gladiator)             Turns: 7468, Time: 00:17:53

Health: -8/63      AC: 17    Str: 19    XL:     10   Next: 38%
Magic:  13/13      EV: 11    Int:  8    God:    Ashenzari [*.....]
Gold:   417        SH:  0    Dex: 14    Spells: 9/9 levels left

rFire    + + .     SeeInvis +   b - +3 dagger (elec)
rCold    . . .     Gourm    .   (no shield)
rNeg     + . .     Faith    .   N - +2 chain mail {rF+}
rPois    ∞         Spirit   .   g - +0 helmet
rElec    +         Reflect  .   j - +2 cloak
rCorr    .         Harm     .   (no gloves)
MR       .....                  y - +0 pair of boots
Stlth    ..........             h - amulet of rage
HPRegen  0.20/turn              L - ring of see invisible
MPRegen  0.13/turn              F - ring of protection from fire

@: marked, corroded
A: negative energy resistance 1, electricity resistance, unbreathing,
petrification resistance, rot immunity, AC +7
a: Curse Item, Scrying, Renounce Religion, Evoke Berserk Rage


You were on level 8 of the Dungeon.
You worshipped Ashenzari.
Ashenzari was aware of your devotion.
You were near starving.

You visited 2 branches of the dungeon, and saw 9 of its levels.
You also visited: Sewer and Ossuary.

You collected 417 gold pieces.

Inventory:

Hand Weapons
 a - a +0 long sword
 b - a +3 dagger of electrocution (weapon)
 w - a +2 dagger of venom
Missiles
 d - 2 throwing nets (quivered)
Armour
 g - a +0 helmet (worn)
 j - a +2 cloak (worn)
 y - a +0 pair of boots (worn)
 B - a +2 leather armour of fire resistance
 M - the +2 robe "Fariosku" {rC+}
   (You found it on level 7 of the Dungeon)

   It protects you from cold.
 N - a +2 chain mail of fire resistance (worn)
Jewellery
 h - an amulet of rage (around neck)
 p - a +3 ring of intelligence
 t - an uncursed amulet of guardian spirit
 F - a ring of protection from fire (right hand)
 G - a +3 amulet of reflection
 J - an uncursed amulet of regeneration
 L - a ring of see invisible (left hand)
Wands
 C - a wand of paralysis (7)
Scrolls
 e - 4 scrolls of remove curse
 i - a scroll of silence {unknown}
 l - a scroll of enchant weapon
 r - 2 scrolls of enchant armour
 u - a scroll of amnesia
 x - 2 scrolls of teleportation
 z - a scroll of fear
 E - a scroll of immolation {unknown}
 I - 2 scrolls of fog {unknown}
 K - 3 scrolls of identify
Potions
 c - a potion of might {unknown}
 k - 4 potions of brilliance
 m - 2 potions of ambrosia
 n - 3 potions of haste
 o - 6 potions of curing
 q - 3 potions of agility
 s - 5 potions of heal wounds
 v - a potion of mutation
 A - 5 potions of flight
 D - 3 potions of invisibility
 H - 2 potions of degeneration {unknown}
Comestibles
 f - 16 rations


   Skills:
 * Level 7.2 Fighting
 * Level 7.2 Long Blades
 - Level 1.7 Throwing
 * Level 6.5 Armour
 * Level 6.6 Dodging
 + Level 3.9 Stealth
 + Level 4.3 Evocations


You had 9 spell levels left.
You didn't know any spells.
Your spell library contained the following spells:

 Spells                   Type           Power        Failure   Level  Hunger
 Animate Skeleton         Necr           N/A          99%         1    ##.....
 Pain                     Necr           #...         99%         1    ##.....
 Shock                    Conj/Air       #...         99%         1    ##.....
 Swiftness                Chrm/Air       #.......     99%         2    ###....
 Regeneration             Chrm/Necr      #.........   100%        3    ####...
 Static Discharge         Conj/Air       #.......     100%        3    ####...
 Vampiric Draining        Necr           #.........   100%        3    ####...
 Airstrike                Air            #.........   100%        4    #####..
 Animate Dead             Necr           N/A          100%        4    #####..
 Lightning Bolt           Conj/Air       #.........   100%        5    ######.


Dungeon Overview and Level Annotations

Branches:
Dungeon (8/15)             Temple (1/1) D:4
   Lair: D:8-11

Altars:
Ashenzari
Cheibriados
Elyvilon
Gozag
Hepliaklqana
Kikubaaqudgha
Makhleb
Nemelex Xobeh
Okawaru
Ru
Sif Muna
Trog
Uskayaw
Vehumet
Wu Jian
Xom
Yredelemnul
Zin
The Shining One

Shops:
D:4 %

Annotations:
D:8 Harold


Innate Abilities, Weirdness & Mutations

You are resistant to torment.
Your stone body is resilient. (AC +7)
You are immune to poison.
You resist negative energy. (rN+)
You are resistant to electric shocks. (rElec)
You can survive without breathing.
You are immune to petrification.
You are immune to rotting.


Message History

Harold is severely wounded.
Harold zaps a wand.
The bolt of acid hits you but does no damage.
You are splashed with acid!
Harold struggles against the net.
You catch the helpless Harold completely off-guard!
You puncture Harold! Lightning courses through Harold!
Harold is almost dead.
You hit Harold but do no damage.
Harold is almost dead.
You are near starving!
Harold struggles against the net.
The net rips apart, and Harold comes free!
You hit Harold but do no damage.
Harold is almost dead.
You hit Harold but do no damage.
Harold is almost dead.
Harold zaps a wand.
The bolt of acid hits you!!
* * * LOW HITPOINT WARNING * * *
The acid corrodes you!
You are splashed with acid!
You die...

### ..# ### #.# #..
##########.# ####..
........##.# #.....
############(##.###.####
........................
......@@...#.##.###.#.##
##########...##.# #.#.#
##..##.# #.#.# #..##.#
#.#.# ##.##.# #.#.#
#.##.# #.#.# #.##.#
#.#.# #.##.# #.#.## #...


You could see Harold.

Vanquished Creatures
  The ghost of doot the Thaumaturge, a novice DENe of Kikubaaqudgha (D:7)
  A spriggan (D:7)
  Menkaure (D:5)
  Duvessa (D:5)
  3 orc warriors
  A sky beast (D:7)
  A necrophage (D:6)
  4 ogres
  5 centaurs
  5 big kobolds (Sewer)
  A bullfrog (D:7)
  5 water moccasin zombies (Ossuary)
  Dowan (D:5)
  3 killer bees (D:7)
  A howler monkey (D:6)
  4 wights (D:3)
  2 crimson imps
  A bullfrog skeleton (D:6)
  A bullfrog zombie (D:7)
  A jelly (D:8)
  9 orc priests
  A centaur skeleton (D:6)
  An iron imp (D:6)
  10 orc wizards
  Jessica (D:3)
  An iguana (D:6)
  Natasha (D:3)
  6 worker ants
  2 big kobold zombies (Ossuary)
  3 hound zombies
  2 hound skeletons
  2 worker ant zombies (D:6)
  2 mummies (Ossuary)
  13 adders
  3 gnolls (D:4)
  2 shadow imps (D:5)
  2 oozes
  4 adder zombies (Ossuary)
  An adder skeleton (D:6)
  12 worms
  2 dart slugs
  3 leopard geckos
  33 orcs
  10 giant cockroaches
  18 goblins
  6 hobgoblins
  10 jackals
  3 quokkas
  8 ball pythons (Sewer)
  6 bats
  3 frilled lizards
  3 gnoll zombies (Ossuary)
  2 goblin skeletons (D:6)
  3 goblin zombies (D:6)
  9 hobgoblin zombies
  A jackal skeleton (D:5)
  17 kobolds
  2 kobold skeletons (D:6)
  4 kobold zombies (Ossuary)
  2 orc zombies (Ossuary)
  10 rats
276 creatures vanquished.

Notes
Turn   | Place    | Note
-------+----------+-------------------------------------------
     0 | D:1      | Borgoz the Gargoyle Gladiator began the quest for the Orb.
     0 | D:1      | Reached XP level 1. HP: 12/12 MP: 1/1
   100 | D:1      | Reached XP level 2. HP: 17/17 MP: 2/2
   459 | D:1      | Reached XP level 3. HP: 22/22 MP: 3/3
   527 | D:1      | You fall through a shaft!
   861 | D:2      | Reached skill level 1 in Armour
   889 | D:2      | Reached XP level 4. HP: 20/27 MP: 4/4
  1141 | D:2      | Reached skill level 1 in Evocations
  1329 | D:2      | Reached XP level 5. HP: 29/32 MP: 5/5
  2005 | D:3      | Reached XP level 6. HP: 17/37 MP: 7/7
  2118 | D:3      | Found an ancient bone altar of Kikubaaqudgha.
  2270 | D:3      | Found a faded altar of an unknown god.
  2478 | D:3      | Found a glowing drain.
  2487 | Sewer    | Entered a sewer
  2675 | Sewer    | Reached XP level 7. HP: 35/41 MP: 8/8
  2788 | Sewer    | Reached skill level 5 in Long Blades
  3103 | D:3      | Noticed Jessica
  3107 | D:3      | Killed Jessica
  3239 | D:3      | Noticed Natasha
  3247 | D:3      | Killed Natasha
  3247 | D:3      | Reached XP level 8. HP: 37/48 MP: 8/10
  3569 | D:4      | Found Ziariynk's Food Shoppe.
  3654 | D:4      | Found a staircase to the Ecumenical Temple.
  3663 | Temple   | Entered the Ecumenical Temple
  3671 | Temple   | Became a worshipper of Ashenzari the Shackled
  4117 | D:5      | Entered Level 5 of the Dungeon
  4168 | D:5      | Reached skill level 5 in Dodging
  4253 | D:5      | Noticed Menkaure
  4259 | D:5      | Killed Menkaure
  4323 | D:5      | Found a sand-covered staircase.
  4362 | D:5      | Reached skill level 1 in Stealth
  4411 | Ossuary  | Entered an ossuary
  4444 | Ossuary  | Reached skill level 5 in Fighting
  4497 | Ossuary  | Reached XP level 9. HP: 49/54 MP: 11/11
  4752 | D:5      | Noticed Duvessa
  4754 | D:5      | Noticed Dowan
  4767 | D:5      | Killed Duvessa
  4778 | D:5      | Killed Dowan
  5119 | D:6      | Reached skill level 5 in Armour
  5571 | D:6      | Found a glowing golden altar of the Shining One.
  5706 | D:6      | Reached * piety under Ashenzari
  6110 | D:6      | Found a glowing golden altar of the Shining One.
  6383 | D:7      | Reached XP level 10. HP: 61/61 MP: 13/13
  6467 | D:7      | Found a runed translucent door.
  6467 | D:7      | Noticed doot's ghost (novice DENe)
  6507 | D:7      | Killed doot's ghost
  6812 | D:7      | Found an iron altar of Okawaru.
  6813 | D:7      | Found a bloodstained altar of Trog.
  6870 | D:7      | Got the uncursed robe "Fariosku" {rC+}
  6889 | D:7      | Identified the +2 robe "Fariosku" {rC+} (You found it on
                  | level 7 of the Dungeon)
  7039 | D:7      | Found a hazy altar of Hepliaklqana.
  7198 | D:7      | Found a burning altar of Makhleb.
  7207 | D:7      | Found a shimmering altar of Xom.
  7449 | D:8      | Noticed Harold
  7468 | D:8      | Splashed by Harold's acid

Skill      XL: |  1  2  3  4  5  6  7  8  9 10 |
---------------+-------------------------------+-----
Long Blades    | 3 4 5 6 7 |  7.2
Armour         | 1 2 3 4 6 |  6.5
Dodging        | 3 4 5 6 |  6.6
Evocations     | 1 2 3 4 |  4.3
Fighting       | 3 4 5 6 7 |  7.2
Stealth        | 1 3 |  3.9
Throwing       | |  1.7

Action                   |  1- 3 |  4- 6 |  7- 9 | 10-12 || total
-------------------------+-------+-------+-------+-------++-------
Melee: Long sword        |    57 |    19 |       |       ||    76
       Dagger            |    70 |   249 |   529 |   128 ||   976
Throw: Throwing net      |       |       |       |     1 ||     1
 Abil: Evoke Berserk Rag |       |     2 |     2 |     2 ||     6
  Use: Potion            |       |     1 |       |     2 ||     3
       Scroll            |       |    10 |     8 |       ||    18
 Stab: Sleeping          |       |       |     1 |     1 ||     2
       Held in net/web   |       |       |       |     2 ||     2
       Distracted        |       |       |       |     1 ||     1
  Eat: Chunk             |       |     8 |    11 |     4 ||    23
       Ration            |       |       |     1 |       ||     1
Armor: Leather armour    |     9 |       |    30 |    46 ||    85
       Ring mail         |    54 |   119 |   153 |       ||   326
       Chain mail        |       |       |       |     8 ||     8
Dodge: Dodged            |   103 |   173 |   347 |    56 ||   679
       Rpst.: Long sword |    26 |     3 |       |       ||    29
